 Dungeon Crawl Stone Soup version 0.29.0 (webtiles) character file.

Game seed: 3042025504329339087

46 cpf86 the Digger (level 3, -6/19 HPs)
             Began as a Gargoyle Earth Elementalist on Sept 5, 2022.
             Mangled by Terence
             ... wielding a +0 flail
              (9 damage)
             ... on level 2 of the Dungeon.
             The game lasted 00:03:35 (1403 turns).

cpf86 the Digger (Gargoyle Earth Elementalist)      Turns: 1403, Time: 00:03:35

Health: -6/19      AC:  5    Str: 13    XL:     3   Next: 66%
Magic:  1/6        EV: 11    Int: 15    God:
Gold:   98         SH:  0    Dex: 10    Spells: 2/6 levels left

rFire   . . .      SeeInvis .   k - +0 dagger
rCold   . . .      Faith    .   (no shield)
rNeg    + . .      Spirit   .   a - +0 robe
rPois   ∞          Reflect  .   (no helmet)
rElec   +          Harm     .   (no cloak)
rCorr   .          Rampage  .   (no gloves)
Will    .....                   (no boots)
Stlth   ++........              (no amulet)
HPRegen 0.06/turn               (no ring)
MPRegen 0.10/turn               (no ring)

@: no status effects
A: sickness immunity, AC +3, negative energy resistance 1, electricity
resistance, torment resistance 1, petrification resistance
a: no special abilities


You were on level 2 of the Dungeon.
You visited 1 branch of the dungeon, and saw 2 of its levels.

You collected 98 gold pieces.


Innate Abilities, Weirdness & Mutations

You are immune to sickness and miasma.
Your stone body is resilient. (AC +3)
You are immune to poison.
You resist negative energy. (rN+)
You are resistant to electric shocks. (rElec)
You are resistant to unholy torment.
You are immune to petrification.


   Skills:
 - Level 1.5 Dodging
 + Level 2.2 Stealth
 - Level 2.0 Spellcasting
 - Level 0.7 Transmutations
 * Level 5.5 Earth Magic


You had 2 spell levels left.
You knew the following spells:

 Your Spells              Type           Power      Damage    Failure   Level
a - Sandblast             Erth           36%        2d10      2%          1
b - Stone Arrow           Conj/Erth      18%        3d8       22%         3

Your spell library contained the following spells:

 Spells                   Type           Power      Damage    Failure   Level
 Passwall                 Tmut/Erth      8%         N/A       10%         2
 Petrify                  Tmut/Erth      10%        N/A       52%         4

Inventory:

Hand Weapons
 k - a +0 dagger (weapon)
   (You took it off a goblin on level 1 of the Dungeon)
Missiles
 d - 12 stones
 i - 2 throwing nets {=f!f}
Armour
 a - a +0 robe (worn)
Scrolls
 j - 3 scrolls of teleportation {unknown}
Potions
 b - a potion of magic
 c - a potion of heal wounds {unknown}
 e - 3 potions of ambrosia {unknown}
 f - 2 potions of curing {unknown}
 g - a potion of mutation {unknown}
 h - a potion of cancellation {unknown}
 l - a potion of resistance {unknown}

Dungeon Overview and Level Annotations

Branches:
Dungeon (2/15) Zot: 10560

Altars:

Annotations:
D:2 Terence

#...#....## ###.##
######....#####.).#
###...##...###
#.#..#.### #......#
###..#...#
##...##...#
..#########..#......#
..........@@....#...#
..####.....###.#...#
#...##### #.#...# #
#...### #.#>..# #
.....##
#####...##########
....
.........<@........
...
###########....#...
.. ####..... . ###...


You could see Terence.


Message History

There is a stone staircase leading down here. 😎 MP[+1]
There is a stone staircase leading down here. 😎 MP[+1]
You climb downwards.
Level annotation: Terence
There is a stone staircase leading up here.
You now have 98 gold pieces (gained 5).
j - 3 scrolls labelled HYPECA GEAW (gained 1)
l - a red potion 😎 MP[+1]
Your mp is fully restored (6).
You see here a +0 plate armour.
You see here a +0 short sword.
You see here a +0 dagger.
You see here a +0 whip.
A goblin comes into view. It is wielding a +0 club.
Casting: Sandblast (safe; 2% risk of failure)
Confirm with . or Enter, or press ? or * to list all spells.
Aiming: Sandblast (safe; 2% risk of failure)
Press: ? - help, Shift-Dir - straight line, f - goblin
Aim: a goblin, wielding a +0 club (asleep, 100% to hit)
The blast of sand hits the goblin!!
You kill the goblin! 😎 MP[-1]
You lost 1 mp, and now have 5/6 mp.
Found a stone staircase leading up.
Things that are here:
a +0 club; a goblin corpse
There is a stone staircase leading up here.
Things that are here:
a +0 club; a goblin corpse Terence is nearby! 😎 MP[+1]
Your mp is fully restored (6).
Casting: Sandblast (safe; 2% risk of failure)
Confirm with . or Enter, or press ? or * to list all spells.
Aiming: Sandblast (safe; 2% risk of failure)
Press: ? - help, Shift-Dir - straight line, f - Terence
Aim: Terence, wielding a +0 flail and wearing a +3 chain mail of fire resistance (87% to hit)
The blast of sand hits Terence but does no damage. 😎 MP[-1]
You lost 1 mp, and now have 5/6 mp.
Casting: Sandblast (safe; 2% risk of failure)
Confirm with . or Enter, or press ? or * to list all spells.
Aiming: Sandblast (safe; 2% risk of failure)
Press: ? - help, Shift-Dir - straight line, f/p - Terence
Aim: Terence, wielding a +0 flail and wearing a +3 chain mail of fire resistance (87% to hit)
The blast of sand hits Terence.
Terence barely misses you. 😎 MP[-1]
You lost 1 mp, and now have 4/6 mp.
Casting: Sandblast (safe; 2% risk of failure)
Confirm with . or Enter, or press ? or * to list all spells.
Aiming: Sandblast (safe; 2% risk of failure)
Press: ? - help, Shift-Dir - straight line, f/p - Terence
Aim: Terence, wielding a +0 flail and wearing a +3 chain mail of fire resistance (moderately wounded, 87% to hit)
The blast of sand hits Terence!
Terence barely misses you. 😎 MP[-1]
You lost 1 mp, and now have 3/6 mp.
Casting: Sandblast (safe; 2% risk of failure)
Confirm with . or Enter, or press ? or * to list all spells.
Aiming: Sandblast (safe; 2% risk of failure)
Press: ? - help, Shift-Dir - straight line, f/p - Terence
Aim: Terence, wielding a +0 flail and wearing a +3 chain mail of fire resistance (heavily wounded, 87% to hit)
The blast of sand hits Terence but does no damage.
Terence hits you with a +0 flail.
Terence hits you with a +0 flail! 😮 HP[-9] MP[-1]
You take 9 damage, and now have 10/19 hp.
MASSIVE DAMAGE!! (PAUSE)
You lost 1 mp, and now have 2/6 mp.
Casting: Sandblast (safe; 2% risk of failure)
Confirm with . or Enter, or press ? or * to list all spells.
Aiming: Sandblast (safe; 2% risk of failure)
Press: ? - help, Shift-Dir - straight line, f/p - Terence
Aim: Terence, wielding a +0 flail and wearing a +3 chain mail of fire resistance (heavily wounded, 87% to hit)
The blast of sand hits Terence but does no damage.
Terence hits you with a +0 flail!
* * * LOW HITPOINT WARNING * * *
😱 HP[-7] MP[-1]
You take 7 damage, and now have 3/19 hp.
MASSIVE DAMAGE!! (PAUSE)
You lost 1 mp, and now have 1/6 mp.
Casting: Sandblast (safe; 2% risk of failure)
Confirm with . or Enter, or press ? or * to list all spells.
Aiming: Sandblast (safe; 2% risk of failure)
Press: ? - help, Shift-Dir - straight line, f/p - Terence
Aim: Terence, wielding a +0 flail and wearing a +3 chain mail of fire resistance (heavily wounded, 87% to hit)
The blast of sand misses Terence.
Terence completely misses you. Terence closely misses you. 😱 MP[-1]
You lost 1 mp, and now have 0/6 mp.
Casting: Sandblast (safe; 2% risk of failure)
Confirm with . or Enter, or press ? or * to list all spells.
You don't have enough magic to cast this spell.
Terence attacks as you move away!
Terence barely misses you. 😱 MP[+1] Terence attacks as you move away!
Terence barely misses you. Terence attacks as you move away!
Terence closely misses you. Terence attacks as you move away!
Terence hits you with a +0 flail!
You die...

Skill      XL: |  1  2  3 |
---------------+----------+-----
Earth Magic    | 4 5 |  5.5
Dodging        | |  1.5
Stealth        | |  2.2
Spellcasting   | |  2.0
Transmutations | |  0.7

Action                   || total
-------------------------++-------
 Cast: Sandblast         ||    52
Armor: Robe              ||     3
Dodge: Dodged            ||    13

Levels and vault maps discovered:
D:1:      minmay_arrival_shoal_huts, layout_loops_cross,
          chequers_serial_rivers_marsh
D:2:      layout_rooms, eino_tiny_chamber, lemuel_old_faithful, uniq_terence

Notes
Turn   | Place    | Note
-------+----------+-------------------------------------------
     0 | D:1      | cpf86 the Gargoyle Earth Elementalist began the quest for
                  | the Orb.
     0 | D:1      | Reached XP level 1. HP: 10/10 MP: 3/3
     0 | D:1      | magus.rc [v1.9.6]
   151 | D:1      | Reached skill level 4 in Earth Magic
   165 | D:1      | Reached XP level 2. HP: 15/15 MP: 0/5
   628 | D:1      | Reached XP level 3. HP: 19/19 MP: 4/6
   633 | D:1      | magus.rc [v1.9.6]
   694 | D:1      | Reached skill level 5 in Earth Magic
  1127 | D:2      | Noticed Terence
  1135 | D:2      | Learned a level 3 spell: Stone Arrow
  1396 | D:2      | HP: 3/19 [Terence/+0 flail (7)]
  1403 | D:2      | Mangled by Terence

Vanquished Creatures
  2 dart slugs (D:1)
  2 worms (D:2)
  2 ball pythons (D:1)
  2 endoplasms (D:1)
  2 giant cockroaches
  7 goblins
  4 hobgoblins
  5 kobolds
  2 bats (D:1)
  3 frilled lizards
  4 rats
35 creatures vanquished.

Vanquished Creatures (others)
  A frilled lizard (D:2)
1 creature vanquished.

Grand Total: 36 creatures vanquished

Table legend:
 A = Non-vault XP
 B = Vault XP
 C = Vault XP percentage of total XP
 D = Non-vault monster count
 E = Vault monster count
 F = Vault count percentage of total count
                 A         B        C        D         E       F
            +---------+---------+-------+---------+---------+-------
      Total |      66 |       0 |   0.0 |      35 |       0 |   0.0
            +---------+---------+-------+---------+---------+-------
        D:1 |      38 |       0 |   0.0 |      21 |       0 |   0.0
        D:2 |      28 |       0 |   0.0 |      14 |       0 |   0.0
            +---------+---------+-------+---------+---------+-------

Illustrated notes

Table legend:
 A = Kills in this place as a percentage of kills in entire the game.
 B = Kills by you in this place as a percentage of kills by you in the entire game.
 C = Kills by friends in this place as a percentage of kills by friends in the entire game.
 D = Other kills in this place as a percentage of other kills in the entire game.
 E = Experience gained in this place as a percentage of experience gained in the entire game.
 F = Experience gained in this place divided by the number of levels of this place that you have seen.
                   A       B       C       D       E      F
               +-------+-------+-------+-------+-------+----------------------
         Total | 100.0 | 100.0 |   N/A |   N/A | 100.0 |  33.0
       Dungeon | 100.0 | 100.0 |   N/A |   N/A | 100.0 |  33.0
               +-------+-------+-------+-------+-------+----------------------

Table legend: (Time is in decaauts)
 A = Elapsed time spent in this place.
 B = Non-inter-level travel time spent in this place.
 C = Inter-level travel time spent in this place.
 D = Time resting spent in this place.
 E = Time spent auto-exploring this place.
 F = Levels seen in this place.
 G = Mean time per level.
                   A        B        C        D        E       F      G
               +--------+--------+--------+--------+--------+-----+--------+
         Total |   1439 |   1417 |     22 |      0 |   1177 |   2 |  719.5 |
       Dungeon |   1439 |   1417 |     22 |      0 |   1177 |   2 |  719.5 |
               +--------+--------+--------+--------+--------+-----+--------+

Top non-repeatable levels by time:
     D:1: 857 daAuts
     D:2: 582 daAuts
